 Dungeon Crawl Stone Soup version 0.23.2-40-g277498a001 (webtiles) character file.

Game seed: 17587795956030859389

136 Folks the Chiller (level 5, 0/37 HPs)
             Began as a Merfolk Ice Elementalist on Aug 23, 2019.
             Succumbed to kobold's curare-tipped needle
             ... on level 3 of the Dungeon.
             The game lasted 00:07:42 (1999 turns).

Folks the Chiller (Merfolk Ice Elementalist)        Turns: 1999, Time: 00:07:42

Health: 0/37       AC:  4    Str:  8    XL:     5   Next: 19%
Magic:  0/10       EV: 13    Int: 15    God:
Gold:   60         SH:  0    Dex: 15    Spells: 5/11 levels left

rFire    . . .     SeeInvis .   i - +1 dagger (drain)
rCold    . . .     Gourm    .   (no shield)
rNeg     . . .     Faith    .   a - +0 robe
rPois    .         Spirit   .   h - +0 helmet
rElec    .         Reflect  .   j - +0 cloak
rCorr    .         Harm     .   (no gloves)
MR       .....                  (no boots)
Stlth    ++........             (no amulet)
HPRegen  0.12/turn              (no ring)
MPRegen  0.12/turn              (no ring)

@: lethally poisoned (0 -> -3), hasted, very quick
A: change form in water, swift swim, stealthy swim
a: no special abilities


You were on level 3 of the Dungeon.
You were not hungry.

You visited 1 branch of the dungeon, and saw 3 of its levels.

You collected 60 gold pieces.

Inventory:

Hand Weapons
 e - a +0 whip
 i - a +1 dagger of draining (weapon)
Armour
 a - a +0 robe (worn)
 h - a +0 helmet (worn)
 j - a +0 cloak (worn)
Jewellery
 m - a cursed ring of attention {unknown}
Scrolls
 b - 2 scrolls of remove curse {unknown}
 d - 4 scrolls of identify {unknown}
 g - 2 scrolls of teleportation {unknown}
 l - a scroll of enchant armour {unknown}
 p - a scroll of fog {unknown}
Potions
 k - a potion of magic {unknown}
 n - a potion of agility {unknown}
 o - 2 potions of haste
Comestibles
 c - 11 rations
 f - 10 chunks of flesh


   Skills:
 - Level 1.0 Fighting
 - Level 2.6 Dodging
 - Level 2.1 Stealth
 * Level 3.6 Spellcasting
 - Level 1.0 Conjurations
 + Level 1.6 Charms
 + Level 4.3 Ice Magic


You had 5 spell levels left.
You knew the following spells:

 Your Spells              Type           Power        Failure   Level  Hunger
a - Freeze                Ice            ###.         3%          1    None
b - Throw Frost           Conj/Ice       ##....       10%         2    ##.....
c - Ozocubu's Armour      Chrm/Ice       ##......     17%         3    ###....

Your spell library contained the following spells:

 Spells                   Type           Power        Failure   Level  Hunger
 Throw Icicle             Conj/Ice       ##......     52%         4    ####...
 Summon Ice Beast         Ice/Summ       #.......     61%         4    ####...


Dungeon Overview and Level Annotations

Branches:
Dungeon (3/15)

Altars:
Cheibriados
Okawaru
Ru


Message History

The jelly is almost dead.
You feel sick. The jelly closely misses you.
You feel sick. The jelly misses you.
You feel sick.
You feel sick. The jelly hits you.
* * * LOW HITPOINT WARNING * * *
You are splashed with acid.
* * * LOW HITPOINT WARNING * * *
Casting: Freeze (safe; 3% risk of failure)
Confirm with . or Enter, or press ? or * to list all spells.
Aiming: Freeze (safe; 3% risk of failure)
Press: ? - help, Shift-Dir - straight line, f/p - jelly
Aim: a jelly (almost dead)
You freeze the jelly!
You kill the jelly!
You have reached level 5!
You feel agile.
You feel yourself speed up.
It was a potion of haste.
You feel yourself speed up.
You die...

)..#...#.#
#.(....)..
...###.#.#
#.#.......
...รท...#.#
#.####.!.$
...##....# #.#
... ...##.#..#
#.# .
...##.#..# #.#
...##.##.# #.#
#####.##>. #.#
#.##### ###@#
#.# #####.#.#
#.# #.......#
#.# #.###...#
#.# #.# #.#.#
#.####.#.#.#.#
#........#.#.#
######.#.#.#.#
#.....#.#


There were no monsters in sight!

Vanquished Creatures
  A jelly (D:3)
  3 adders
  A worm (D:2)
  2 dart slugs
  2 leopard geckos
  4 orcs (D:3)
  11 bats
  2 giant cockroaches (D:2)
  6 hobgoblins
  3 jackals (D:1)
  9 kobolds
  11 frilled lizards
  9 goblins
  3 rats (D:1)
67 creatures vanquished.

Notes
Turn   | Place    | Note
-------+----------+-------------------------------------------
     0 | D:1      | Folks the Merfolk Ice Elementalist began the quest for the
                  | Orb.
     0 | D:1      | Reached XP level 1. HP: 13/13 MP: 3/3
   164 | D:1      | Reached XP level 2. HP: 18/20 MP: 3/5
   195 | D:1      | Learned a level 2 spell: Throw Frost
   298 | D:1      | Reached skill level 1 in Fighting
   418 | D:1      | Reached XP level 3. HP: 22/26 MP: 4/6
   423 | D:1      | Learned a level 3 spell: Ozocubu's Armour
   778 | D:2      | Reached skill level 1 in Conjurations
  1204 | D:2      | Found a snail-covered altar of Cheibriados.
  1439 | D:2      | Reached XP level 4. HP: 32/32 MP: 3/8
  1509 | D:2      | Found an iron altar of Okawaru.
  1565 | D:2      | Reached skill level 4 in Ice Magic
  1727 | D:3      | Reached skill level 1 in Charms
  1817 | D:3      | Found a sacrificial altar of Ru.
  1997 | D:3      | HP: 1/32 [acid (6)]
  1998 | D:3      | Reached XP level 5. HP: 1/37 MP: 0/10
  1999 | D:3      | Succumbed to kobold's curare-tipped needle

Skill      XL: |  1  2  3  4 |
---------------+-------------+-----
Fighting       | 1 |  1.0
Conjurations   | 1 |  1.0
Spellcasting   | 3 |  3.6
Ice Magic      | 4 |  4.3
Charms         | 1 |  1.6
Dodging        | |  2.6
Stealth        | |  2.1

Action                   |  1- 3 |  4- 6 || total
-------------------------+-------+-------++-------
Melee: Whip              |    15 |       ||    15
       Unarmed           |     2 |       ||     2
       Dagger            |    52 |    36 ||    88
 Cast: Freeze            |    31 |    16 ||    47
       Throw Frost       |     3 |     9 ||    12
       Ozocubu's Armour  |     3 |     2 ||     5
  Use: Potion            |       |     1 ||     1
 Stab: Sleeping          |     5 |     1 ||     6
  Eat: Chunk             |     3 |     2 ||     5
Armor: Robe              |    28 |    27 ||    55
Dodge: Dodged            |    63 |    48 ||   111
